AoeStats
← Warcanoe

African Clearing

505283468Analyzed
2v2 RM · 24d ago on Sep 8, 2026· 59m 28s· 4 players
Game mode
Random Map
Map size
Medium (4 player)
Population
200
Speed
Normal
Resources
Standard
Victory
Conquest
Starting age
Dark Age
Ending age
Imperial Age
RankedLock teamsTeams togetherTeam positionsShared explorationLock speedFull tech treeHidden civsTurbo modeCheats
Victory
Defeat
🇩🇪 Dravidians · Germany
1259
+13
🇨🇭 Persians · Switzerland
1216
+15
🇩🇪 Goths · Germany
1223
-14
🇮🇹 Franks · Italy
1182
-14
Kirara
3:44 Loom
14:46 Feudal Age
15:49 Double-Bit Axe
19:44 Castle Age
18:11 Stone Mining
18:30 Scale Mail Armor
19:17 Wheelbarrow
21:18 Chain Mail Armor
23:35 Squires
24:05 Horse Collar
25:02 Heavy Plow
27:53 Forging
27:34 Fletching
27:37 Gold Mining
30:28 Hand Cart
31:11 Pikeman
32:05 Anarchy
33:32 Iron Casting
32:53 Bodkin Arrow
37:19 Imperial Age
36:10 Anarchy
40:11 Stone Shaft Mining
40:44 Conscription
40:11 Elite Huskarl
45:42 Man-at-Arms
47:20 Perfusion
47:22 Long Swordsman
48:07 Two-Handed Swordsman
48:51 Bracer
49:53 Blast Furnace
48:32 Champion
56:38 Bow Saw
57:01 Crop Rotation
57:42 Halberdier
Tobi0702
12:25 Feudal Age
17:34 Castle Age
16:46 Gold Mining
16:43 Double-Bit Axe
dasmurka
13:16 Feudal Age
14:40 Double-Bit Axe
14:36 Horse Collar
15:40 Wheelbarrow
18:11 Castle Age
17:41 Scale Barding Armor
17:46 Forging
18:04 Scale Mail Armor
18:01 Gold Mining
17:47 Man-at-Arms
18:13 Arson
18:42 Long Swordsman
19:26 Squires
20:19 Bow Saw
22:01 Loom
26:08 Pikeman
27:16 Gambesons
28:05 Sanctity
28:30 Town Watch
32:16 Heavy Plow
36:06 Imperial Age
35:10 Chain Mail Armor
37:50 Conscription
37:07 Two-Handed Swordsman
38:26 Plate Mail Armor
38:31 Iron Casting
39:15 Hand Cart
39:00 Town Patrol
39:03 Champion
41:53 Blast Furnace
45:29 Wootz Steel
47:23 Town Patrol
48:42 Coinage
48:12 Caravan
56:54 Two-Man Saw
Warcanoe
10:09 Loom
11:57 Feudal Age
12:03 Loom
17:23 Fletching
20:22 Castle Age
18:39 Fletching
23:58 Horse Collar
26:56 Scale Barding Armor
28:54 Bloodlines
29:47 Forging
29:33 Bodkin Arrow
32:21 Chain Barding Armor
32:37 Heavy Plow
34:25 Iron Casting
37:45 Double-Bit Axe
38:38 Wheelbarrow
37:49 Town Watch
39:46 Murder Holes
42:24 Imperial Age
40:11 Hand Cart
40:58 Bow Saw
42:03 Gold Mining
42:04 Stone Mining
41:49 Crossbowman
42:33 Kamandaran
46:35 Heavy Camel Rider
56:25 Ballistics
57:38 Padded Archer Armor
59:33 Thumb Ring
Connection lost

Rejoining the realm…

Still unreachable

The connection could not be restored.

Session expired

The server has moved on; the page needs a fresh start.